 Dungeon Crawl Stone Soup version 0.20.0-1-g1cb1d84 (webtiles) character file.

598 inmateoo the Chopper (level 7, -1/61 HPs)
             Began as a Gargoyle Fighter on May 26, 2017.
             Was an Initiate of Okawaru.
             Slain by a killer bee (5 damage)
             ... on level 5 of the Dungeon.
             The game lasted 00:03:37 (3475 turns).

inmateoo the Chopper (Gargoyle Fighter)             Turns: 3475, Time: 00:03:39

Health: -1/61      AC: 23    Str: 27    XL:     7   Next: 40%
Magic:  7/7        EV:  2    Int:  8    God:    Okawaru [......]
Gold:   169        SH: 14    Dex:  9    Spells: 6/6 levels left

rFire    . . .     SeeInvis .   a - +0 war axe
rCold    . . .     Gourm    .   c - +0 shield
rNeg     + + +     Faith    .   (armour currently unavailable)
rPois    ∞         Spirit   .   (helmet currently unavailable)
rElec    .         Reflect  +   (cloak currently unavailable)
rCorr    .         Harm     .   (gloves currently unavailable)
MR       .....     NoTele   +   (boots currently unavailable)
Stlth    +.........             g - +5 amulet of reflection
Regen    0.2/turn               (no ring)
MPRegen  0.1/turn               (no ring)

@: mighty, tree-form, hasted, very quick
A: negative energy resistance 1, petrification resistance, rot immunity, AC +4
a: Renounce Religion


You were on level 5 of the Dungeon.
You worshipped Okawaru.
Okawaru was noncommittal.
You were very hungry.
You were a tree.
You visited 2 branches of the dungeon, and saw 6 of its levels.

You collected 169 gold pieces.

Inventory:

Hand Weapons
 a - a +0 war axe (weapon)
Armour
 c - a +0 shield (worn)
 n - a +0 plate armour (melded)
 s - a +0 helmet (melded)
Jewellery
 g - a +5 amulet of reflection (around neck)
 k - an uncursed ring of ice
 o - an uncursed amulet of harm {unknown}
 q - an uncursed amulet of harm {unknown}
Wands
 t - a wand of flame (22/48)
 v - a wand of confusion (26/48)
Scrolls
 e - a scroll of fog {unknown}
 h - 2 scrolls of teleportation
 i - 3 scrolls of identify
 l - a scroll of amnesia {unknown}
 u - a scroll of enchant weapon {unknown}
Potions
 j - 2 potions of resistance
Comestibles
 f - 3 bread rations
 m - 3 meat rations
 p - 6 fruits


   Skills:
 - Level 3.2 Fighting
 + Level 7.3 Axes
 - Level 3.2 Armour
 - Level 3.2 Shields


You had 6 spell levels left.
You didn't know any spells.

Dungeon Overview and Level Annotations

Branches:
Dungeon (5/15)             Temple (1/1) D:5

Altars:
Ashenzari
Cheibriados
Dithmenos
Elyvilon
Fedhas
Gozag
Makhleb
Nemelex Xobeh
Okawaru
Qazlal
Ru
Sif Muna
Uskayaw
Vehumet
Xom
Yredelemnul
The Shining One


Innate Abilities, Weirdness & Mutations

You are resistant to torment.
((Your stone body is resilient. (AC +4)))
You are immune to poison.
You resist negative energy. (rN+)
((You are resistant to electric shocks. (rElec)))
((You can survive without breathing.))
You are immune to petrification.
You are immune to rotting.


Message History

The killer bee stings you.
* * * LOW HITPOINT WARNING * * *
Unknown command.
Unknown command.
You miss the killer bee.
The killer bee is heavily wounded.
You miss the killer bee. x2; The killer bee barely misses you.
You block the killer bee's attack.
The killer bee stings you but does no damage.
You block the killer bee's attack. The killer bee stings you.
* * * LOW HITPOINT WARNING * * *
Unknown command.
Okay, then.
It was a potion of lignification.
You turn into a tree.
Your +0 helmet melds into your body.
Your +0 plate armour melds into your body.
Your roots penetrate the ground.
The killer bee stings you but does no damage.
You block the killer bee's attack. x2; The killer bee stings you.
You die...

##......##
#........## .
#......)..## ..
#(#..<.....## ...
#..###.......#...
#.# #....P...#...
#. ##..>.Y.......
##....yy#....
#...Pyy♣###..
.....)##### .
...... ......
...... .....


You could see an ice beast and 4 killer bees.

Vanquished Creatures
  A centaur (D:3)
  An ogre (D:5)
  A killer bee (D:5)
  A howler monkey (D:5)
  2 hounds (D:4)
  An orc wizard (D:4)
  A bullfrog skeleton (D:4)
  A centaur skeleton (D:5)
  Terence (D:3)
  5 gnolls
  4 adders
  An adder skeleton (D:4)
  3 worms
  3 dart slugs
  A leopard gecko (D:3)
  3 orcs
  9 bats
  6 giant cockroaches
  9 goblins
  6 hobgoblins
  5 jackals
  9 kobolds
  2 ball pythons (D:4)
  4 frilled lizards
  4 rats
  2 plants (D:5)
86 creatures vanquished.

Vanquished Creatures (others)
  A goblin (D:3)
  4 plants (D:5)
5 creatures vanquished.

Grand Total: 91 creatures vanquished

Notes
Turn   | Place    | Note
-------+----------+-------------------------------------------
     0 | D:1      | inmateoo the Gargoyle Fighter began the quest for the Orb.
     0 | D:1      | Reached XP level 1. HP: 14/14 MP: 1/1
    60 | D:1      | Reached skill level 2 in Axes
   145 | D:1      | Reached XP level 2. HP: 16/19 MP: 2/2
   847 | D:1      | Reached skill level 3 in Axes
  1023 | D:2      | Reached XP level 3. HP: 23/23 MP: 3/3
  1373 | D:2      | Reached XP level 4. HP: 5/28 MP: 4/4
  1724 | D:2      | Reached skill level 4 in Axes
  1982 | D:3      | Reached XP level 5. HP: 32/32 MP: 5/5
  2137 | D:3      | Noticed a centaur
  2147 | D:3      | Killed a centaur
  2147 | D:3      | Reached skill level 5 in Axes
  2410 | D:3      | Noticed Terence
  2422 | D:3      | Killed Terence
  2422 | D:3      | Reached XP level 6. HP: 37/37 MP: 6/6
  2824 | D:4      | Reached skill level 6 in Axes
  2860 | D:4      | Found a snail-covered altar of Cheibriados.
  2861 | D:4      | Found a blossoming altar of Fedhas.
  2964 | D:4      | Found a hide-covered altar of Uskayaw.
  3009 | D:4      | Found a sacrificial altar of Ru.
  3118 | D:4      | Found a radiant altar of Vehumet.
  3224 | D:5      | Entered Level 5 of the Dungeon
  3232 | D:5      | Reached XP level 7. HP: 41/41 MP: 7/7
  3236 | D:5      | Reached skill level 7 in Axes
  3321 | D:5      | Found a staircase to the Ecumenical Temple.
  3340 | Temple   | Entered the Ecumenical Temple
  3430 | Temple   | Became a worshipper of Warmaster Okawaru
  3475 | D:5      | Slain by a killer bee

Skill      XL: |  1  2  3  4  5  6  7 |
---------------+----------------------+-----
Axes           | 2 3 4 5 6 7 |  7.3
Fighting       | |  3.2
Armour         | |  3.2
Shields        | |  3.2

Action                   |  1- 3 |  4- 6 |  7- 9 || total
-------------------------+-------+-------+-------++-------
Melee: War axe           |   140 |   208 |    31 ||   379
  Use: Scroll            |     1 |     3 |       ||     4
       Potion            |       |       |     5 ||     5
 Stab: Paralysed         |       |     2 |       ||     2
  Eat: Chunk             |     2 |     6 |       ||     8
Armor: Scale mail        |    65 |       |       ||    65
       Plate armour      |    21 |    93 |    60 ||   174
       Skin              |       |       |     1 ||     1
Dodge: Dodged            |    46 |    29 |    19 ||    94
Block: Shield            |   131 |   147 |    81 ||   359
       Reflection        |       |     8 |       ||     8
